Map: Catalyst LE

Players

soul

  • Race: Terran Terran
  • Spawn Location: 5:00

PappiJoe - Winner!

  • Race: Protoss Protoss
  • Spawn Location: 11:00

Event: WCS Valencia 2018

VOD

Have the link to the VOD?

Description

Time

  • Played on: July 12, 2018, 7:25 a.m.
  • Length: 15:46

All games in this series

Show
View Real Time Build Order
Export as new Build Order

soul Terran 

Build Orders: Gas First Reaper Expand, Reaper Expand, MMM Bio 

Get SALT Encoding   

  12  0:00  SCV  
  13  0:12  SCV  
  14  0:17  Supply Depot  
  14  0:24  SCV  
  15  0:28  Refinery  
  15  0:39  SCV  
  16  0:44  Barracks  
  16  0:51  SCV  
  17  1:03  SCV  
  18  1:17  SCV  
  19  1:31  Reaper, Orbital Command  
  20  1:50  Command Center  
  20  1:57  SCV  
  20  2:01  Factory  
  21  2:07  Barracks Reactor  
  21  2:09  SCV  
  21  2:14  Supply Depot  
  22  2:18  Refinery  
  22  2:23  SCV  
  23  2:35  SCV  
  24  2:47  Starport  
  24  2:48  Marine x2  
  24  2:50  SCV  
  26  2:56  Widow Mine  
  28  3:02  Orbital Command  
  28  3:04  SCV  
  29  3:07  Marine x2  
  31  3:16  SCV  
  31  3:18  Widow Mine  
  34  3:25  Marine x2  
  34  3:26  Medivac  
  38  3:27  Supply Depot  
  38  3:28  SCV  
  38  3:31  SCV  
  40  3:40  SCV  
  41  3:42  Widow Mine, Marine x2  
  41  3:43  SCV  
  46  3:51  Bunker  
  46  3:52  SCV  
  46  3:54  Barracks  
  47  3:55  SCV  
  48  4:04  SCV, Factory Tech Lab, Starport Tech Lab  
  48  4:08  Barracks  
  49  4:14  Engineering Bay  
  49  4:16  Marine x2  
  51  4:19  SCV  
  51  4:20  SCV  
  52  4:24  Medivac  
  54  4:32  Factory Reactor  
  54  4:35  Refinery  
  54  4:36  Supply Depot  
  54  4:39  Supply Depot  
  54  4:40  SCV x2  
  54  4:42  Terran Infantry Weapons Level 1  
  56  4:48  Marine  
  56  4:49  Marine  
  56  4:52  Stimpack  
  58  4:53  SCV  
  58  4:54  SCV  
  60  5:05  SCV  
  60  5:06  SCV, Missile Turret  
  62  5:08  Supply Depot  
  62  5:10  Marine  
  63  5:16  Factory Reactor  
  63  5:17  SCV  
  63  5:18  Marine, Marauder x2  
  69  5:22  Combat Shields  
  69  5:27  SCV  
  69  5:28  Marine  
  70  5:35  Refinery  
  71  5:36  SCV  
  71  5:39  Medivac  
  71  5:40  Marine  
  71  5:41  Marauder  
  77  5:42  Marine  
  77  5:44  SCV  
  79  5:51  Supply Depot  
  79  5:53  Supply Depot  
  79  5:56  Medivac  
  81  6:00  SCV x2  
  81  6:01  Marine, Marauder  
  86  6:12  Marine  
  86  6:13  Widow Mine x2, Supply Depot, Marauder  
  86  6:17  Supply Depot, SCV  
  93  6:19  SCV, Marine  
  95  6:33  Command Center  
  95  6:34  SCV  
  95  6:35  SCV  
  95  6:39  Terran Infantry Armor Level 1  
  97  6:41  Marauder  
  97  6:47  SCV, Barracks  
  100  6:50  Barracks  
  100  6:53  SCV, Concussive Shells, Marine  
  101  6:56  Marine  
  101  6:59  SCV  
  103  7:03  Marine, Marauder  
  103  7:05  SCV  
  107  7:11  SCV, Marine  
  107  7:14  Supply Depot  
  107  7:15  Supply Depot  
  108  7:17  SCV  
  108  7:19  Marine  
  108  7:21  Marauder  
  112  7:23  SCV  
  112  7:25  Marine  
  112  7:29  SCV, Marine  
  115  7:34  Barracks Tech Lab  
  115  7:35  SCV  
  115  7:37  Barracks Tech Lab x2, Medivac  
  115  7:38  Medivac  
  115  7:39  Supply Depot, Marine  
  115  7:40  Supply Depot  
  115  7:42  SCV  
  121  7:51  Orbital Command  
  121  7:54  Marine, Marauder  
  122  8:00  Marine, Marauder  
  122  8:01  Marine  
  123  8:09  Marauder  
  123  8:11  SCV  
  123  8:12  Marine  
  118  8:15  Marine  
  118  8:17  Marine  
  119  8:23  Medivac x2, Marine  
  119  8:25  Starport  
  123  8:28  SCV  
  123  8:29  SCV  
  123  8:30  Marine  
  123  8:32  Command Center  
  126  8:38  SCV  
  126  8:39  Marine, Marauder  
  126  8:41  SCV x2  
  127  8:43  Marine  
  127  8:44  Engineering Bay  
  127  8:45  Armory  
  127  8:47  Marine  
  129  8:52  Marine  
  129  8:53  SCV  
  130  8:55  Marauder  
  130  8:57  Marine  
  122  9:03  Marauder x2  
  122  9:05  Marine  
  122  9:09  Viking x2  
  129  9:10  Marine  
  129  9:14  Marine  
  129  9:16  Marine  
  132  9:18  Viking x2  
  132  9:23  Marine  
  137  9:25  Marauder x2  
  137  9:29  Marine  
  142  9:32  Marine  
  142  9:35  Marauder  
  145  9:39  Viking x2  
  145  9:41  Marauder  
  148  9:45  Marine  
  148  9:46  Marauder  
  148  9:47  Terran Infantry Weapons Level 2, Marine, Terran Infantry Armor Level 2  
  148  9:49  Supply Depot  
  148  9:51  Viking  
  153  9:56  Terran Ship Weapons Level 1  
  153  9:57  Marine  
  156  10:00  Viking  
  156  10:03  Marauder  
  156  10:04  Marauder  
  162  10:07  Marauder  
  162  10:17  Viking x2  
  162  10:21  Supply Depot  
  166  10:25  Viking  
  166  10:27  Command Center  
  170  10:36  Ghost Academy, Marine  
  170  10:38  Marine  
  170  10:39  Marine  
  164  10:43  Marine  
  164  10:44  Liberator x3, Marine, Marauder  
  146  10:54  Marine  
  146  10:56  Marine  
  126  10:57  Marine  
  126  11:00  Marine  
  126  11:02  Marine  
  113  11:05  Marine  
  114  11:12  Marine  
  114  11:13  Marine  
  114  11:14  Ghost  
  114  11:18  Ghost  
  118  11:19  Ghost  
  118  11:20  Supply Depot  
  118  11:24  Marauder  
  122  11:30  Marine  
  122  11:31  Marine  
  124  11:37  SCV x2  
  126  11:44  Marine, Marauder  
  129  11:47  Marine x2, Planetary Fortress  
  129  11:49  Marine, Marauder  
  133  12:02  Refinery x2  
  133  12:03  Sensor Tower, Marauder  
  133  12:05  Marine, Marauder x2  
  133  12:07  Marine  
  141  12:10  Marauder  
  142  12:16  Medivac  
  142  12:17  Medivac  
  146  12:23  Marine  
  146  12:24  Marauder  
  146  12:25  Marine  
  146  12:26  SCV x3, Marauder  
  146  12:27  Marauder  
  146  12:28  Liberator, SCV  
  158  12:31  Refinery, Marauder  
  158  12:38  SCV, Refinery  
  158  12:41  Marine  
  158  12:42  Marine  
  158  12:43  Liberator  
  161  12:46  Terran Ship Weapons Level 2, Marauder  
  161  12:47  Liberator  
  161  12:48  Marauder x2  
  169  12:53  Marauder  
  171  12:59  Marine  
  171  13:00  Marine  
  171  13:02  Barracks  
  171  13:03  Barracks  
  171  13:05  Barracks  
  179  13:06  Marine  
  179  13:09  SCV, Marine  
  179  13:10  SCV  
  179  13:12  SCV  
  175  13:24  Marine  
  160  13:27  Marine  
  160  13:31  Marine  
  160  13:33  Marine  
  160  13:34  Marine, Marauder  
  146  13:42  Marine  
  146  13:45  Marine  
  146  13:49  Marauder  
  146  13:51  Marine, Marauder  
  146  13:52  SCV x2  
  138  13:55  Marine  
  138  13:56  Marine, Marauder  
  138  13:57  SCV  
  138  13:59  Marine  
  137  14:03  Marine  
  137  14:05  Marine  
  137  14:08  Medivac x2  
  137  14:10  Marauder x2  
  137  14:12  Marine  
  137  14:13  Marine  
  137  14:14  Marine  
  144  14:17  Marine, Marauder  
  144  14:21  Marine  
  144  14:23  Marine  
  145  14:27  Liberator  
  145  14:28  Liberator x3  
  143  14:31  Marine  
  143  14:35  Marine  
  146  14:38  Marine  
  153  14:47  Ghost  
  155  15:02  Marine  
  155  15:04  Marine  
  155  15:06  Marine  
  144  15:07  Marine  
  144  15:12  Marine  
  144  15:13  Marine  
  128  15:15  Marine  
  128  15:17  Marine  
  128  15:18  Orbital Command  
  128  15:20  Marine  
  116  15:23  Marine  
  116  15:24  Marine  
  116  15:26  Marine  
  116  15:27  Marine  
Show
View Real Time Build Order
Export as new Build Order

PappiJoe Protoss - Winner!

Build Orders: 1 Gate Expand, Colossus Rush 

Get SALT Encoding   

  12  0:00  Probe  
  13  0:12  Probe  
  14  0:17  Pylon  
  14  0:24  Probe  
  15  0:32  Probe  
  15  0:38  Gateway  
  15  0:40  Probe  
  16  0:46  Assimilator  
  17  0:51  Probe  
  18  1:03  Probe  
  19  1:15  Probe  
  20  1:23  Nexus  
  20  1:34  Cybernetics Core  
  20  1:38  Assimilator  
  20  1:41  Probe  
  21  1:52  Pylon  
  21  1:53  Probe  
  22  2:02  Adept  
  22  2:05  Probe  
  23  2:13  Warp Gate  
  25  2:17  Probe  
  25  2:22  Robotics Facility  
  26  2:29  Probe  
  27  2:36  Probe  
  28  2:40  Stalker  
  28  2:42  Probe  
  31  2:46  Probe  
  31  2:50  Probe  
  32  2:54  Probe  
  32  2:58  Probe  
  34  3:02  Probe  
  34  3:04  Observer  
  35  3:08  Probe  
  38  3:14  Probe  
  38  3:19  Gateway x2  
  39  3:20  Probe  
  39  3:27  Probe  
  41  3:28  Observer  
  41  3:32  Probe  
  41  3:33  Pylon  
  43  3:35  Assimilator  
  43  3:39  Probe  
  44  3:44  Probe  
  45  3:49  Observer  
  45  3:51  Probe  
  47  3:56  Probe  
  47  3:57  Robotics Bay  
  48  4:03  Probe  
  48  4:04  Nexus  
  48  4:06  Pylon  
  48  4:09  Probe  
  50  4:14  Assimilator  
  50  4:15  Probe  
  51  4:18  Stalker  
  53  4:24  Stalker  
  53  4:26  Stalker  
  53  4:29  Probe  
  58  4:34  Pylon  
  58  4:37  Probe  
  58  4:38  Colossus  
  59  4:41  Pylon  
  59  4:45  Probe  
  60  4:49  Shield Battery  
  60  4:52  Probe  
  67  4:56  Pylon  
  67  5:02  Pylon  
  67  5:05  Extended Thermal Lance  
  67  5:06  Probe x2  
  68  5:16  Probe  
  68  5:18  Probe x2  
  71  5:21  Sentry x2  
  71  5:23  Sentry  
  71  5:26  Gateway  
  71  5:27  Colossus  
  77  5:28  Probe  
  77  5:29  Gateway  
  77  5:30  Probe  
  79  5:36  Probe  
  79  5:42  Probe  
  87  5:43  Probe  
  87  5:48  Probe, Pylon  
  89  5:55  Twilight Council, Forge  
  89  5:57  Probe  
  90  5:59  Assimilator, Probe  
  91  6:07  Pylon, Probe  
  91  6:09  Pylon, Probe  
  91  6:10  Assimilator  
  93  6:19  Charge  
  93  6:20  Protoss Ground Armor Level 1  
  93  6:21  Gateway, Probe  
  93  6:22  Gateway, Probe  
  93  6:23  Probe  
  93  6:24  Colossus  
  99  6:42  Probe  
  100  6:47  Gateway  
  100  6:49  Gateway, Pylon  
  100  6:51  Pylon  
  100  6:52  Photon Cannon  
  100  6:55  Probe  
  100  6:59  Stalker  
  100  7:00  Stalker x2  
  107  7:02  Adept  
  107  7:03  Probe  
  107  7:07  Probe x2  
  103  7:15  Templar Archives  
  103  7:16  Probe  
  104  7:23  Colossus  
  104  7:24  Probe  
  104  7:29  Cybernetics Core  
  111  7:31  Pylon, Probe x2  
  113  7:40  Probe  
  114  7:46  Photon Cannon  
  114  7:49  Forge  
  114  7:53  Blink  
  114  7:56  Probe x3  
  105  8:05  Zealot x4  
  105  8:07  Zealot x2  
  105  8:11  Probe  
  105  8:12  Zealot  
  100  8:19  Stalker x2  
  98  8:21  Probe  
  98  8:22  Probe  
  98  8:23  Probe  
  101  8:28  Zealot  
  101  8:29  Zealot x2  
  101  8:34  Probe x2  
  105  8:35  Probe  
  105  8:38  Stalker  
  108  8:45  Psionic Storm  
  108  8:46  Probe x2  
  108  8:47  Probe  
  109  8:51  Protoss Ground Weapons Level 1  
  107  8:56  Protoss Ground Armor Level 2  
  107  9:03  Nexus  
  107  9:06  Probe x2  
  109  9:28  Zealot  
  111  9:34  Nexus  
  111  9:46  High Templar x5  
  111  9:47  High Templar  
  111  9:52  Probe x2  
  125  9:58  Stalker  
  125  9:59  Stalker  
  129  10:04  Probe  
  129  10:05  Probe  
  129  10:11  Pylon  
  129  10:19  Stalker  
  129  10:20  Stalker x2  
  135  10:22  High Templar x2  
  135  10:27  Archon  
  139  10:31  Stalker x3  
  135  10:47  Zealot x4  
  113  10:58  Protoss Ground Weapons Level 2  
  113  11:00  Protoss Ground Armor Level 3  
  113  11:03  High Templar x4  
  119  11:08  Probe x4  
  123  11:14  Colossus  
  123  11:23  Probe, Assimilator  
  124  11:28  Assimilator  
  130  11:37  Gateway  
  130  11:38  Probe  
  131  11:40  Photon Cannon  
  131  11:42  Shield Battery, Probe  
  131  11:45  Probe, Pylon  
  133  11:57  Zealot x6  
  133  11:58  Zealot x3  
  149  12:08  Warp Prism  
  151  12:18  Zealot x9  
  169  12:36  Stargate  
  168  12:40  Zealot x2, Stalker  
  168  12:41  Stalker x4  
  168  12:42  Stalker  
  168  12:43  Stalker  
  180  12:59  Pylon  
  180  13:01  Nexus  
  180  13:03  Pylon  
  180  13:05  Robotics Facility  
  180  13:08  Stargate  
  162  13:32  Archon  
  134  13:40  High Templar x6  
  134  13:41  Stalker x3  
  146  13:56  Colossus x2  
  146  13:57  Fleet Beacon  
  146  13:59  Stargate  
  130  14:10  Probe x2  
  130  14:14  Zealot  
  130  14:15  Zealot x8  
  144  14:27  Assimilator  
  144  14:29  Assimilator  
  132  14:42  Probe x3  
  129  14:47  Zealot x8  
  129  14:48  Zealot  
  140  15:11  Stalker  
  140  15:12  Stalker x6  
  143  15:24  Archon  
  131  15:38  Stalker  
  131  15:39  Stalker x5  
Tags
 
Add a new tag
Caveats
  • Supply blocks, unpowered buildings, or Contaminate may cause inaccurate times.
  • Supply counts are checked every 10 seconds.